 Dungeon Crawl Stone Soup version 0.32-a0-306-gfed3edf829 (webtiles) character file.

Game seed: 16330525169846899436

156 Dittersdorf the Trooper (level 5, -14/33 HPs)
             Began as a Gargoyle Fighter on Feb 14, 2024.
             Killed from afar by Ijyb (19 damage)
             ... with a bolt of dispelling energy
             ... on level 3 of the Dungeon.
             The game lasted 00:01:10 (1124 turns).

Dittersdorf the Trooper (Gargoyle Fighter)          Turns: 1124, Time: 00:01:10

Health: -14/33     AC: 13    Str: 22    XL:     5   Next: 38%
Magic:  5/5        EV:  9    Int:  8    God:
Gold:   123        SH:  4    Dex:  9    Spells: 4/4 levels left

rFire   . . .        a - +0 flail
rCold   . . .        c - +0 buckler
rNeg    + . .        b - +0 scale mail
rPois   ∞            n - +0 helmet
rElec   +            f - +0 cloak
rCorr   .            (no gloves)
SInv    .            (no boots)
Will    .....        (no amulet) Stlth
                     (no ring)
HPRegen 0.25/turn    (no ring)
MPRegen 0.09/turn

%: no passive effects
@: no status effects
A: sickness immunity, AC +4, negative energy resistance 1, electricity
resistance, torment resistance 1, petrification resistance
a: no special abilities


You were on level 3 of the Dungeon.
You visited 1 branch of the dungeon, and saw 3 of its levels.

You collected 123 gold pieces.

Inventory:

Hand Weapons
 a - a +0 flail (weapon)
Armour
 b - a +0 scale mail (worn)
 c - a +0 buckler (worn)
 f - a +0 cloak (worn)
 n - a +0 helmet (worn)
Scrolls
 g - a scroll of revelation
Potions
 d - a potion of might
 h - a potion of degeneration {unknown}
 i - a potion of berserk rage {unknown}
 k - a potion of cancellation {unknown}
 l - 4 potions of curing {unknown}


   Skills:
 + Level 4.3 Fighting
 + Level 3.1 Maces & Flails
 + Level 4.3 Armour
 + Level 4.2 Shields


You had 4 spell levels left.
You didn't know any spells.
Your spell library contained the following spells:

 Spells                   Type           Power      Damage    Failure   Level
 Magic Dart               Conj           0%         1d3       80%         1
 Summon Small Mammal      Summ           0%         N/A       80%         1
 Searing Ray              Conj           0%         2d4       90%         2
 Call Canine Familiar     Summ           0%         N/A       99%         3
 Fulminant Prism          Conj/Alch      0%         3d5       100%        4
 Summon Blazeheart Golem  Fire/Summ      0%         N/A       100%        4
 Alistair's Intoxication  Alch           0%         N/A       100%        5
 Borgnjor's Vile Clutch   Necr/Erth      0%         N/A       100%        5
 Eringya's Noxious Bog    Alch           0%         4d6       100%        6


Dungeon Overview and Level Annotations

Branches:
Dungeon (3/15)

Altars:

Shops:
D:1 :

Annotations:
D:3 Ijyb


Innate Abilities, Weirdness & Mutations

You are immune to sickness and miasma.
Your stone body is resilient. (AC +4)
You are immune to poison.
You resist negative energy. (rN+)
You are resistant to electric shocks. (rElec)
You are resistant to unholy torment.
You are immune to petrification.


Message History

You feel strangely unstable.
It was a scroll of teleportation.
As you read the scroll labelled NIUCHY TUIDGH, it crumbles to dust.
It is a scroll of amnesia.
You feel forgetful for a moment.
Autopickup disabled for scrolls of amnesia.
You drop a scroll of amnesia.
Your surroundings suddenly seem different.
Ijyb and an endoplasm come into view.
Ijyb is wielding a +0 club and carrying a wand of quicksilver.
Found 15 gold pieces.
Ijyb shouts!
The endoplasm quivers.
An adder comes into view.
A ribbon worm comes into view.
As you read the scroll labelled UPNEHU HEGY, it crumbles to dust.
You feel aware of your surroundings.
You sensed 3 altars, and 1 shop/portal.
It was a scroll of revelation.
A ball python and an orc come into view.
The adder hisses angrily.
Ijyb zaps a wand.
The bolt of dispelling energy hits the endoplasm.
The bolt of dispelling energy hits you! The endoplasm freezes you.
You are frozen.
Found an escape hatch in the floor.
Found a stone staircase leading up.
You hit the endoplasm.
You kill the endoplasm!
Ijyb zaps a wand.
The bolt of dispelling energy hits you!
* * * LOW HITPOINT WARNING * * *
You are too injured to fight recklessly!
You are too injured to fight recklessly!
You hit the adder but do no damage. You block the adder's attack.
You miss the adder. The adder bites you but does no damage.
The adder barely misses you.
You barely miss the adder. Ijyb hits you with a +0 club.
* * * LOW HITPOINT WARNING * * *
The adder closely misses you.
Ijyb zaps a wand.
The bolt of dispelling energy hits you!!
Ouch! That really hurt!
You die...
Ijyb screams, "Time for next experiment!"

*,,*,***,,,*,**,,*
*,**,...<....#...###
*,***#.###...#.#.###
*,***#S###.....#.###
*,**,..###.......###
***,**,####...##.#o.##***
**,,,**,####...#..#....,,*
*,,*,,,,####...#S##.###*,*
**'***+**####..g@.##.###*,******
,,,,,,*,,#.....w.###.###*,,,,,,*
,,,,,,*,,####...#.......,,,*****
**+***+,,+>.......##.###****
+,,,+,*,,#.#########.###
*,,,*,*,,#.#########.###
*,_,*,+**+.#########.###
*,,,*,*,,###########.###
+,,,+,*,,*** *,*


You could see Ijyb, a ribbon worm and an adder.

Vanquished Creatures
  Natasha (thrice) (D:2)
  A gnoll (D:1)
  An adder (D:2)
  A ribbon worm (D:2)
  4 ball pythons
  5 bats
  3 endoplasms
  3 giant cockroaches (D:2)
  3 goblins
  2 hobgoblins (D:1)
  2 jackals (D:2)
  A quokka (D:2)
  5 frilled lizards
  3 kobolds
  2 rats (D:1)
39 creatures vanquished.

Notes
Turn   | Place    | Note
-------+----------+-------------------------------------------
     0 | D:1      | Dittersdorf the Gargoyle Fighter began the quest for the
                  | Orb.
     0 | D:1      | Reached XP level 1. HP: 14/14 MP: 1/1
    77 | D:1      | Reached XP level 2. HP: 19/19 MP: 2/2
   115 | D:1      | Found Toakhlye's Book Boutique.
   208 | D:1      | Reached XP level 3. HP: 21/23 MP: 1/3
   636 | D:2      | Reached XP level 4. HP: 25/29 MP: 4/4
   894 | D:2      | Noticed Natasha
   903 | D:2      | Killed Natasha
   944 | D:2      | Noticed Natasha
   949 | D:2      | Killed Natasha
   950 | D:2      | Reached XP level 5. HP: 27/33 MP: 5/5
  1022 | D:2      | Noticed Natasha
  1034 | D:2      | Killed Natasha
  1119 | D:3      | Noticed Ijyb
  1124 | D:3      | Killed from afar by Ijyb

Illustrated notes

Levels and vault maps discovered:
D:1:      lightli_arrival_flooded_house, layout_rooms, serial_shops, shop
D:2:      layout_rooms, uniq_natasha
D:3:      layout_rooms, makhleb_altar_promises_db, mainiacjoe_overflow_24_doors,
          fiery_altar_vehumet, portal_sewer_entry_e, corexii_corridor_pit,
          kennysheep_generic_room_6, uniq_ijyb, uniq_terence

Skill      XL: |  1  2  3  4 |
---------------+-------------+-----
Fighting       | 4 |  4.3
Armour         | 4 |  4.3
Shields        | 4 |  4.2
Maces & Flails | 3 |  3.1

Action                     |  1- 3 |  4- 6 || total
---------------------------+-------+-------++-------
  Melee: Flail             |    93 |    69 ||   162
    Use: Scroll            |       |     4 ||     4
 Armour: Scale mail        |    80 |    50 ||   130
  Dodge: Dodged            |    57 |    35 ||    92
  Block: Buckler           |    27 |    20 ||    47

Table legend: (Time is in decaauts)
 A = Elapsed time spent in this place.
 B = Non-inter-level travel time spent in this place.
 C = Inter-level travel time spent in this place.
 D = Time resting spent in this place.
 E = Time spent auto-exploring this place.
 F = Levels seen in this place.
 G = Mean time per level.
                   A        B        C        D        E       F      G
               +--------+--------+--------+--------+--------+-----+--------+
         Total |   1188 |   1135 |     53 |      0 |    783 |   3 |  396.0 |
       Dungeon |   1188 |   1135 |     53 |      0 |    783 |   3 |  396.0 |
               +--------+--------+--------+--------+--------+-----+--------+

Top non-repeatable levels by time:
     D:2: 626 daAuts
     D:1: 552 daAuts
     D:3: 9 daAuts
